AoeStats
← joelreflects

Enclosed

503865044Analyzed
1v1 RM · 1mo ago on Sep 2, 2026· 49m 19s· 2 players
Game mode
Random Map
Map size
Tiny (2 player)
Population
200
Speed
Normal
Resources
Standard
Victory
Conquest
Starting age
Dark Age
Ending age
Imperial Age
RankedLock teamsTeams togetherTeam positionsShared explorationLock speedFull tech treeHidden civsTurbo modeCheats
Victory
Defeat
🇺🇸 Hindustanis · United States
917
+15
🇫🇷 Mongols · France
898
-15
eaglevic
8:40 Loom
11:05 Feudal Age
15:28 Castle Age
15:48 Double-Bit Axe
29:46 Gold Mining
29:49 Horse Collar
30:52 Bow Saw
31:58 Scale Barding Armor
32:41 Ballistics
33:27 Fletching
34:32 Wheelbarrow
34:03 Bodkin Arrow
36:03 Husbandry
36:15 Bloodlines
37:42 Stone Mining
37:57 Heavy Plow
38:23 Hand Cart
37:55 Town Watch
39:09 Town Patrol
39:10 Light Cavalry
40:27 Chain Barding Armor
40:13 Murder Holes
44:24 Imperial Age
43:15 Gold Shaft Mining
42:44 Pikeman
44:20 Fortified Wall
44:52 Heavy Camel Rider
47:09 Drill
joelreflects
11:36 Feudal Age
9:52 Loom
16:46 Castle Age
15:41 Scale Barding Armor
15:35 Double-Bit Axe
15:35 Horse Collar
16:50 Forging
17:35 Bloodlines
20:55 Chain Barding Armor
21:39 Bow Saw
26:31 Town Watch
33:03 Imperial Age
32:06 Wheelbarrow
33:29 Ballistics
34:13 Heavy Camel Rider
36:01 Hand Cart
35:46 Town Patrol
36:11 Fletching
36:57 Plate Barding Armor
38:18 Chemistry
37:55 Padded Archer Armor
38:31 Iron Casting
39:14 Leather Archer Armor
39:33 Imperial Camel Rider
42:12 Conscription
43:29 Shatagni
43:50 Light Cavalry
46:53 Hussar
Connection lost

Rejoining the realm…

Still unreachable

The connection could not be restored.

Session expired

The server has moved on; the page needs a fresh start.